[Event "1st Bangalore GM-Open-A 2024"]
[Site "Bangalore"]
[Date "2024.01.21"]
[Round "6.35"]
[White "Vrashank Chouhan"]
[Black "Dushyant Sharma"]
[Result "0-1"]
[ECO "D02"]
[WhiteElo "2046"]
[BlackElo "2357"]
[Annotator "RC"]
[PlyCount "74"]
[EventDate "2024.01.20"]
[EventType "swiss"]
[EventCountry "IND"]
[SourceTitle "playchess.com"]
[Source "ChessBase"]
[SourceQuality "1"]
[TimeControl "5400+30"]

1. d4 d5 2. Bf4 Nf6 3. e3 c5 4. Nf3 Nc6 5. Nbd2 Bg4 6. c3 e6 7. Qb3 Qc8 8. h3 Bh5 9. Nh4 cxd4 10. exd4 Qd7 11. Bd3 Bd6 12. Bxd6 Qxd6 13. O-O O-O 14. Nhf3 Rab8 15. a4 a6 16. a5 Qc7 17. Qa3 Rfe8 18. Rfe1 Nd7 19. Bf1 f6 20. Re3 e5 21. dxe5 fxe5 22. Qa2 Nf6 23. Ne4 Rbd8 24. Nc5 Kh8 25. Nd2 d4 26. Ree1 Bf7 27. Ndb3 e4 28. Qa4 d3 29. Nd2 Bg6 30. Rad1 Nxa5 31. b4 Nc6 32. Qb3 Bf7 33. Qb1 Bh5 34. Rc1 Bg6 35. Qb3 Qf4 36. Qa2 Ne5 37. g3 Qxd2 0-1

[Event "1st Bangalore GM-Open-A 2024"]
[Site "Bangalore"]
[Date "2024.01.21"]
[Round "6.36"]
[White "Majumder Shrayan"]
[Black "Manish Anto Cristiano F"]
[Result "1-0"]
[ECO "E23"]
[WhiteElo "1916"]
[BlackElo "2349"]
[Annotator "RC"]
[PlyCount "79"]
[EventDate "2024.01.20"]
[EventType "swiss"]
[EventCountry "IND"]
[SourceTitle "playchess.com"]
[Source "ChessBase"]
[SourceQuality "1"]
[TimeControl "5400+30"]

1. d4 Nf6 2. c4 e6 3. Nc3 Bb4 4. Qb3 c5 5. dxc5 Nc6 6. Nf3 O-O 7. Bg5 h6 8. Bh4 g5 9. Bg3 Ne4 10. Qc2 f5 11. e3 Qf6 12. Rc1 Nxc3 13. bxc3 Bxc5 14. h4 g4 15. Nd2 e5 16. h5 d6 17. Nb3 Ba3 18. Rd1 Be6 19. Be2 Qf7 20. f3 gxf3 21. gxf3 Kh8 22. c5 dxc5 23. Nd2 Rg8 24. Bf2 c4 25. Qa4 Bc5 26. Bxc4 a6 27. Bxe6 Qxe6 28. Qc4 Qe7 29. Nb3 Ba7 30. Bh4 Qg7 31. Rd6 Raf8 32. Qe6 Nd8 33. Rxd8 Bxe3 34. Rd7 Qg2 35. Bf6+ Rxf6 36. Qxf6+ Rg7 37. Qxg7+ Qxg7 38. Rxg7 Kxg7 39. Ke2 Bb6 40. Rd1 1-0

[Event "1st Bangalore GM-Open-A 2024"]
[Site "Bangalore"]
[Date "2024.01.21"]
[Round "6.37"]
[White "Laxman, R.R."]
[Black "Aquino, Jethro Dino"]
[Result "1/2-1/2"]
[ECO "D73"]
[WhiteElo "2338"]
[BlackElo "2166"]
[Annotator "RC"]
[PlyCount "91"]
[EventDate "2024.01.20"]
[EventType "swiss"]
[EventCountry "IND"]
[SourceTitle "playchess.com"]
[Source "ChessBase"]
[SourceQuality "1"]
[TimeControl "5400+30"]

1. d4 Nf6 2. c4 g6 3. Nf3 Bg7 4. g3 c6 5. Bg2 d5 6. Qb3 O-O 7. Nc3 a5 8. cxd5 cxd5 9. O-O Nc6 10. Bf4 Ne4 11. Rfd1 Nxc3 12. bxc3 a4 13. Qb5 Qa5 14. Qxa5 Nxa5 15. Rab1 Bf5 16. Rb5 Rfc8 17. Rxd5 Be6 18. Rb5 Bxa2 19. Ne5 Bxe5 20. Rxe5 Bc4 21. Rxe7 a3 22. Bh3 Re8 23. Rxe8+ Rxe8 24. e4 Nb3 25. d5 a2 26. d6 Bb5 27. c4 Bc6 28. d7 Bxd7 29. Bxd7 Rxe4 30. Bc8 a1=Q 31. Rxa1 Nxa1 32. Bxb7 Rxc4 33. Bd5 Rd4 34. Bf3 Nc2 35. h4 f6 36. Be2 Kg7 37. Kg2 h6 38. Kf1 g5 39. hxg5 hxg5 40. Bc7 Rd7 41. Bb6 f5 42. Ba5 Kg6 43. Bb5 Re7 44. Bd3 Re5 45. Bxc2 Rxa5 46. g4 1/2-1/2

[Event "1st Bangalore GM-Open-A 2024"]
[Site "Bangalore"]
[Date "2024.01.21"]
[Round "6.38"]
[White "Kumar, Gaurav"]
[Black "Saptarshi, Roy"]
[Result "1-0"]
[ECO "B28"]
[WhiteElo "1953"]
[BlackElo "2322"]
[Annotator "ChessBase"]
[PlyCount "77"]
[EventDate "2024.01.20"]
[EventType "swiss"]
[EventCountry "IND"]
[SourceTitle "playchess.com"]
[Source "ChessBase"]
[SourceQuality "1"]
[TimeControl "5400+30"]

1. e4 c5 2. Nf3 a6 3. g3 b5 4. Bg2 Bb7 5. Qe2 g6 6. O-O Bg7 7. a4 b4 8. d3 Nc6 9. Nbd2 d6 10. Nc4 Qc7 11. a5 Nf6 12. Bf4 e5 13. Bg5 Nd7 14. Qd2 h6 15. Be3 Ne7 16. c3 bxc3 17. bxc3 Bc6 18. Rab1 Rb8 19. Rxb8+ Qxb8 20. d4 Nc8 21. dxe5 dxe5 22. Rd1 O-O 23. Bxh6 Ba4 24. Ra1 Bb5 25. Bxg7 Kxg7 26. Ne3 Nd6 27. Nh4 f6 28. Qd5 f5 29. exf5 Nxf5 30. Nexf5+ gxf5 31. c4 Nf6 32. Nxf5+ Kg6 33. Ne7+ Kg7 34. Qd2 Bxc4 35. Qg5+ Kf7 36. Nc6 Qb2 37. Nxe5+ Ke8 38. Re1 Qc3 39. Rc1 1-0

[Event "1st Bangalore GM-Open-A 2024"]
[Site "Bangalore"]
[Date "2024.01.21"]
[Round "6.39"]
[White "Mohamed Anees M"]
[Black "Sathvik Adiga"]
[Result "1/2-1/2"]
[ECO "E62"]
[WhiteElo "2319"]
[BlackElo "2142"]
[Annotator "ChessBase"]
[PlyCount "125"]
[EventDate "2024.01.20"]
[EventType "swiss"]
[EventCountry "IND"]
[SourceTitle "playchess.com"]
[Source "ChessBase"]
[SourceQuality "1"]
[TimeControl "5400+30"]

1. Nf3 Nf6 2. c4 g6 3. g3 Bg7 4. Bg2 O-O 5. O-O d6 6. d4 Nc6 7. Nc3 e5 8. d5 Nb8 9. e4 a5 10. Ne1 Na6 11. Nd3 Nd7 12. Be3 f5 13. f4 Ndc5 14. fxe5 Nxd3 15. Qxd3 Bxe5 16. Qd2 Nc5 17. Rae1 b6 18. Bg5 Bf6 19. Bxf6 Rxf6 20. e5 dxe5 21. Rxe5 Be6 22. g4 Bd7 23. g5 Rd6 24. Rfe1 Ne6 25. h4 Ng7 26. Ne2 Qf8 27. Nf4 Re8 28. b3 Rxe5 29. Rxe5 Bc8 30. Bf3 Qd8 31. Qe3 Kf7 32. c5 bxc5 33. Qxc5 Rb6 34. Qxa5 Ra6 35. Qd2 Qd6 36. Nd3 Qb6+ 37. Kg2 Qd4 38. Re2 Qxh4 39. Qe3 Kg8 40. Qe7 Rd6 41. Ne5 h5 42. Qxc7 Qxg5+ 43. Kf1 Qd8 44. Qxd8+ Rxd8 45. Nxg6 Ba6 46. Ne7+ Kf7 47. Nc6 Re8 48. b4 Ra8 49. Na5 Bxe2+ 50. Kxe2 Ra6 51. a3 h4 52. Nc4 Ne8 53. b5 Ra4 54. Kd3 Ke7 55. b6 Kd7 56. b7 Kc7 57. d6+ Nxd6 58. Nxd6 Rxa3+ 59. Ke2 Kb8 60. Nxf5 h3 61. Ng3 h2 62. Nh1 Rxf3 63. Kxf3 1/2-1/2

[Event "1st Bangalore GM-Open-A 2024"]
[Site "Bangalore"]
[Date "2024.01.21"]
[Round "6.40"]
[White "Ankit Ray"]
[Black "Sahoo, Utkal Ranjan"]
[Result "1/2-1/2"]
[ECO "A04"]
[WhiteElo "1912"]
[BlackElo "2316"]
[Annotator "ChessBase"]
[PlyCount "74"]
[EventDate "2024.01.20"]
[EventType "swiss"]
[EventCountry "IND"]
[SourceTitle "playchess.com"]
[Source "ChessBase"]
[SourceQuality "1"]
[TimeControl "5400+30"]

1. Nf3 f5 2. d3 Nf6 3. e4 d6 4. exf5 Bxf5 5. d4 Qd7 6. Bd3 Nc6 7. O-O g6 8. c4 Bg4 9. Be2 Bg7 10. h3 Bh5 11. d5 Bxf3 12. Bxf3 Ne5 13. Be2 O-O 14. Nc3 c6 15. Be3 e6 16. Qd2 exd5 17. cxd5 c5 18. Bg5 Kh8 19. Kh1 a6 20. f4 Nf7 21. Bxf6 Bxf6 22. Bg4 Qd8 23. Ne4 Bd4 24. Be6 Nh6 25. Rae1 Qe7 26. g4 Rad8 27. Re2 Qh4 28. Rf3 Ng8 29. Bxg8 Kxg8 30. Ng5 Qxg5 31. fxg5 Rxf3 32. Kg2 Rdf8 33. Qa5 Be5 34. Rxe5 Rf2+ 35. Kg3 R2f3+ 36. Kg2 Rf2+ 37. Kg3 R2f3+ 1/2-1/2

[Event "1st Bangalore GM-Open-A 2024"]
[Site "Bangalore"]
[Date "2024.01.23"]
[Round "7.2"]
[White "Iniyan, Pa"]
[Black "Sethuraman, S.P."]
[Result "0-1"]
[ECO "D43"]
[WhiteElo "2515"]
[BlackElo "2594"]
[Annotator "TA"]
[PlyCount "84"]
[EventDate "2024.01.20"]
[EventType "swiss"]
[EventCountry "IND"]
[SourceTitle "playchess.com"]
[Source "ChessBase"]
[SourceQuality "1"]
[TimeControl "5400+30"]

1. d4 Nf6 2. c4 e6 3. Nf3 d5 4. Nc3 dxc4 5. Qa4+ c6 6. Qxc4 b5 7. Qd3 Nbd7 8. e4 b4 {[%emt 0:00:04] D43: Semi-Slav: 5 Bg5 h6.} 9. Na4 Qa5 10. b3 Bb7 {[%emt 0:00:45] The position is equal.} 11. Bf4 Be7 12. Nd2 O-O {[%emt 0:04:34] [#]} 13. Nc4 $146 ({Predecessor:} 13. f3 Nh5 14. Nc4 Qd8 15. Be3 Qc7 16. Qd2 c5 17. Nxc5 Nxc5 18. dxc5 Bxc5 19. Bxc5 Qxc5 {1-0 Enev,Z (2069)-Wiesinger,J (1897) EU-ch SC-OR/475 email 2022}) 13... Qd8 14. f3 Ba6 15. Qd2 Bb5 16. g4 (16. Rd1 $11) 16... Bxa4 $15 17. bxa4 Nb6 18. Ne5 Nxa4 19. g5 (19. Nxc6 $11 {deserves consideration.} Qd7 20. Nxe7+ (20. Nxb4 $2 Qb7 $19) 20... Qxe7 21. Bd3) 19... Nh5 20. Nxc6 Qd7 21. Nxe7+ (21. Nxb4 $2 Nxf4 22. Na6 Bxg5 $19) 21... Qxe7 22. Be5 f6 23. gxf6 Nxf6 24. Rg1 Rf7 25. Bc4 Nc3 (25... Nd7 $5 26. Qg5 Nxe5 27. Qxe5 Rxf3 28. Qxe6+ (28. Bxe6+ Kh8 $15) 28... Qxe6 29. Bxe6+ Kh8 $11) 26. a3 $2 {[%emt 0:03:47] [#]} Rc8 $1 $19 (26... Nd7 27. Qg5 Nxe5 28. Qxe5 Qh4+ 29. Rg3 $17) 27. Bb3 Nd7 {[%emt 0:08:02] Excellent horsemanship.} (27... bxa3 28. Rc1 Nd7 29. Rxc3 $18) 28. Qg5 {[%emt 0:01:08] Threatens to win with Qxe7.} Nxe5 (28... bxa3 29. Qxe7 Rxe7 30. Bxe6+ (30. Rxa3 Nxe5 31. dxe5 Nb5 $11) 30... Rxe6 31. Rxg7+ (31. Rxa3 $2 Nxe5 32. dxe5 Nb5 $19) 31... Kf8 32. Rxd7 $18) 29. Qxe5 Re8 (29... bxa3 $2 30. Qxe6 Qxe6 31. Bxe6 $18) (29... Qh4+ $19 {has better winning chances.} 30. Rg3 Kh8) 30. Kf2 (30. Kd2 $17) 30... bxa3 31. Rg4 Kh8 $2 $40 {[%emt 0:04:33][%mdl 128] Black mounts an attack.} (31... Qb4 $19 32. Rag1 (32. Bxe6 $2 Kh8 $19) 32... Nxe4+ 33. Qxe4 Qxb3 34. Rxg7+ {[%mdl 64] Decoy} Rxg7 35. Rxg7+ Kxg7 36. Qe5+ Kh6 37. Qf4+ Kh5 38. Qe5+ (38. Qf7+ Kh6 $11) 38... Kh6 39. Qf4+ Kh5 40. Qe5+ (40. Qf7+ Kh6 $11) 40... Kh6) 32. Qa5 $2 (32. Qc5 $1 $15 Qxc5 33. dxc5) 32... Rc8 {[%emt 0:01:23][%cal Be8c8,Bc8b8,Bb8b2][%mdl 32] [#] Hoping for ...Qf6.} 33. Kg2 Qf6 34. Rf1 Ne2 (34... Qxd4 35. Bxe6 Nd1 36. Bxf7 $15) 35. Qa6 Rb8 36. e5 $2 (36. Qxa3 $2 {too greedy.} h5 37. Rg3 Qxd4 $19) (36. Qxe6 Rff8 37. Qxf6 gxf6 38. Bd5) 36... Nf4+ 37. Kh1 Qe7 38. Bc2 g6 {[%emt 0:01:06] White must now prevent ...Rb2.} 39. Ra1 Rb2 40. Qa4 Kg7 {[%emt 0:01:34] Strongly threatening ...Qc7.} 41. Rgg1 Qh4 42. Rgf1 Rc7 {[%emt 0:00:20] Weighted Error Value: White=0.61/Black=0.20 (precise)} 0-1

[Event "1st Bangalore GM-Open-A 2024"]
[Site "Bangalore"]
[Date "2024.01.23"]
[Round "7.3"]
[White "Short, Nigel D"]
[Black "Ilamparthi A R"]
[Result "1-0"]
[ECO "B40"]
[WhiteElo "2592"]
[BlackElo "2426"]
[Annotator "TA"]
[PlyCount "67"]
[EventDate "2024.01.20"]
[EventType "swiss"]
[EventCountry "IND"]
[SourceTitle "playchess.com"]
[Source "ChessBase"]
[SourceQuality "1"]
[TimeControl "5400+30"]

1. e4 c5 2. Nf3 e6 3. b3 Nc6 4. Bb2 a6 5. c4 Nf6 6. e5 {[%emt 0:03:32] B40: Sicilian: 2...e6, Unusual lines.} Ng4 7. h3 Nh6 8. Bd3 {[%emt 0:07:35] The position is equal.} d6 9. exd6 Qxd6 {[%emt 0:01:06] [#]} (9... Nb4 $5 10. Bc2 f6 $11) 10. Bc2 $146 ({Predecessor:} 10. Be4 Bd7 11. O-O O-O-O 12. Qe2 Nf5 13. Bxf5 exf5 14. d4 cxd4 15. Rd1 Qe6 16. Qd3 {½-½ Radovanovic,N (2407)-Beerdsen,T (2510) EU-ch 23rd Vrnjacka Banja 2023 (8)}) 10... Nd4 11. Nxd4 cxd4 12. Qe2 g6 13. O-O Bg7 {[%emt 0:02:56][%cal Od4d3] [#] ...d3! would be deadly.} 14. Ba3 Qc7 {[%emt 0:01:17][%cal Od4d3] Threatens to win with ...d3!} 15. d3 $1 Nf5 16. Bd1 Bd7 17. Qb2 {[%emt 0:00:05] [#]} (17. Nd2 $11) 17... Bc6 ({Black should try} 17... h5 $1 $17 {Hoping for ...g5.} 18. Bf3 g5) 18. Nd2 $11 Nh4 19. Ne4 (19. g3 $1 $11) 19... O-O-O (19... Bxe4 $15 20. dxe4 f5) 20. g3 $1 $14 f5 (20... g5 $11 {keeps the balance.}) 21. Ng5 (21. Nc5 {seems wilder.} Bh6 22. Nxe6 Qe5 23. Nxd8 Rxd8 24. f4) 21... Rde8 22. gxh4 $18 e5 $2 (22... h6) 23. b4 h6 24. Nf3 e4 $2 (24... b5 25. Rc1 Kb8 26. cxb5 axb5) 25. b5 (25. Nxd4 $2 Rd8 26. Nxc6 Bxb2 27. Bxb2 Qxc6 28. Bxh8 Rxh8 29. dxe4 Qxe4 $19) 25... Bd7 26. Ne1 (26. Nxd4 a5 $16) 26... g5 27. bxa6 Bc6 28. axb7+ Kb8 (28... Qxb7 $142 29. Bh5 Re6 30. dxe4 Rxe4 31. Qxb7+ Kxb7 32. Rb1+ Kc7) 29. Rb1 {[%emt 0:00:30] And now Bc5 would win.} e3 30. Ng2 {[%emt 0:04:42] Strongly threatening Bc5.} gxh4 31. Bc5 (31. Nxh4 Rhg8 32. Bf3 (32. Nxf5 Be5+ 33. Ng3 Bxg3 34. f3 Bf2+ 35. Kh1 Rg2 {[%mdl 64] Decoy}) 32... Bf6+ 33. Kh1 e2 $19) 31... Bf8 32. Qa3 ({Worse is} 32. Bxd4 Rg8 33. f3 Qg3 $15) 32... Bxb7 33. Bxf8 {[%emt 0:00:58][%cal Od1f3] White wants to mate with Bf3!} Rg8 34. Bf3 {[%emt 0:00:24] Weighted Error Value: White=0.30/Black=0.92} (34. Bxh6 $2 {leads to mate.} Rxg2+ 35. Kh1 Qh2#) 1-0

[Event "1st Bangalore GM-Open-A 2024"]
[Site "Bangalore"]
[Date "2024.01.23"]
[Round "7.4"]
[White "Nitish Belurkar"]
[Black "Aronyak Ghosh"]
[Result "1/2-1/2"]
[ECO "B13"]
[WhiteElo "2435"]
[BlackElo "2541"]
[Annotator "TA"]
[PlyCount "52"]
[EventDate "2024.01.20"]
[EventType "swiss"]
[EventCountry "IND"]
[SourceTitle "playchess.com"]
[Source "ChessBase"]
[SourceQuality "1"]
[TimeControl "5400+30"]

1. e4 c6 2. Nf3 d5 3. exd5 cxd5 4. Ne5 Nf6 5. d4 g6 6. Bd3 Nc6 7. c3 Bf5 8. O-O Bg7 9. Bxf5 gxf5 10. Bf4 e6 11. Nd2 O-O 12. Re1 Ne4 13. Nxc6 bxc6 14. Nb3 a5 {[%emt 0:11:28] OK. White is slightly better.} 15. f3 {[%emt 0:08:19] OK} Nf6 {[%emt 0:01:47] OK} 16. Nc5 {[%emt 0:04:40] OK} Kh8 17. Nd3 Nh5 18. Qd2 {[%emt 0:06:45] Mistake (0.5)} (18. Be5 $16) 18... Rg8 {[%emt 0:09:20] Mistake (0.6)} (18... Nxf4 $11 19. Qxf4 Rg8) 19. Re2 {[%emt 0:04:34] Mistake (0.5)} (19. Be5 $16) 19... Qf6 {[%emt 0:06:03] Mistake (0.9)} (19... Nxf4 $11 {remains equal.} 20. Qxf4 Bf6) 20. Ne5 {[%emt 0:07:56] Mistake (0.6)} (20. Bg5 $16 Qg6 (20... Qxg5 21. Qxg5 Bxd4+ 22. cxd4 $16) 21. Rae1) 20... Nxf4 $14 {[%emt 0:00:30] Best} 21. Qxf4 Rac8 {[%emt 0:01:06] OK} ({Wrong is} 21... Bh6 $2 22. Qxh6 Qxh6 23. Nxf7+ Kg7 24. Nxh6 Kxh6 25. Rxe6+ Rg6 26. Rae1 $18) 22. Qg5 {[%emt 0:07:52] And now Qxf6 would win.} Rc7 {[%emt 0:00:15] Best (Easy)} 23. Qf4 {[%emt 0:00:15] Mistake (0.0)} ({White should try} 23. Qd2 $11) 23... Rcc8 {[%emt 0:00:31] [#] OK} 24. Qg5 {[%emt 0:00:06] White is much more active. Mistake (0.5)} Rc7 $11 {[%emt 0:00:04] Best (Easy)} 25. Qf4 {[%emt 0:00:05] Mistake (0.0)} ({Better is} 25. Qd2 $11) 25... Rcc8 $16 {[%emt 0:00:02] OK} 26. Qg5 {[%emt 0:00:06] Hoping for Qxf6. Inaccurate} Rc7 {[%emt 0:00:46] Weighted Error Value: White=0.28 (precise) /Black=0.17 (very precise) . Best (Easy).  Mistake:       	White=6     	Black=2      Inaccurate:     	White=1     	---        OK:         	White=2     	Black=5      Best:        	---       	Black=4} 1/2-1/2

[Event "1st Bangalore GM-Open-A 2024"]
[Site "Bangalore"]
[Date "2024.01.23"]
[Round "7.5"]
[White "Pranav Anand"]
[Black "Viani Antonio Dcunha"]
[Result "1/2-1/2"]
[ECO "C18"]
[WhiteElo "2513"]
[BlackElo "2407"]
[Annotator "RC"]
[PlyCount "128"]
[EventDate "2024.01.20"]
[EventType "swiss"]
[EventCountry "IND"]
[SourceTitle "playchess.com"]
[Source "ChessBase"]
[SourceQuality "1"]
[TimeControl "5400+30"]

1. e4 e6 2. d4 d5 3. Nc3 Bb4 4. e5 c5 5. a3 Bxc3+ 6. bxc3 Ne7 7. h4 Qc7 8. Rh3 b6 9. a4 Ba6 10. Bb5+ Bxb5 11. axb5 Qb7 12. h5 h6 13. Qg4 Rg8 14. Ne2 Nd7 15. Kf1 a6 16. bxa6 Rxa6 17. Rb1 Ra4 18. Qf4 Qa6 19. Rd3 Nc6 20. Qd2 Ra2 21. Qd1 Qa4 22. Rg3 Ne7 23. Bf4 Nf5 24. Rh3 g5 25. hxg6 Rxg6 26. Rc1 Ra3 27. Rd3 h5 28. Kg1 Qc4 29. Kh2 h4 30. Rb1 Ra2 31. Rc1 Kd8 32. Bd2 Kc7 33. Nf4 Rg7 34. Ra1 Kb7 35. Rxa2 Qxa2 36. Be3 Qc4 37. Bc1 Rg8 38. Nh3 Rg7 39. Bg5 Rg8 40. Qh5 Rg7 41. Bf6 Nxf6 42. exf6 Rg6 43. Nf4 Rxf6 44. Qg5 Rh6 45. Qg8 cxd4 46. Qxf7+ Qc7 47. Qxc7+ Kxc7 48. cxd4 b5 49. c3 Kd6 50. Rd1 Kd7 51. Ra1 b4 52. cxb4 Nxd4 53. Nd3 Kc6 54. Kh3 Kb5 55. Rc1 Nc6 56. Rc2 Kb6 57. f3 e5 58. Re2 Kb5 59. Kg4 e4 60. fxe4 dxe4 61. Nf4 Kxb4 62. Kg5 Rh7 63. Rxe4+ Kc5 64. Ng6 h3 1/2-1/2

[Event "1st Bangalore GM-Open-A 2024"]
[Site "Bangalore"]
[Date "2024.01.23"]
[Round "7.6"]
[White "Shyam, Sundar M."]
[Black "Ritviz, Parab"]
[Result "1-0"]
[ECO "C41"]
[WhiteElo "2497"]
[BlackElo "2391"]
[Annotator "RC"]
[PlyCount "113"]
[EventDate "2024.01.20"]
[EventType "swiss"]
[EventCountry "IND"]
[SourceTitle "playchess.com"]
[Source "ChessBase"]
[SourceQuality "1"]
[TimeControl "5400+30"]

1. e4 e5 2. Nc3 Nf6 3. Bc4 Bb4 4. Nge2 O-O 5. O-O Nxe4 6. Nxe4 d5 7. c3 Be7 8. Bd3 dxe4 9. Bxe4 Nd7 10. d4 Nf6 11. Bc2 exd4 12. Nxd4 Bg4 13. Qd3 Qd5 14. h3 Bd7 15. Bf4 Bc6 16. Nxc6 Qxc6 17. Bb3 Rad8 18. Qc4 Bc5 19. Rad1 Rxd1 20. Rxd1 b5 21. Qd3 Re8 22. Kf1 Bb6 23. Re1 Rxe1+ 24. Kxe1 Qe4+ 25. Qxe4 Nxe4 26. f3 Nc5 27. Bc2 h6 28. h4 Kf8 29. h5 Ke7 30. Ke2 a5 31. g4 Ne6 32. Bd2 c5 33. f4 Kd6 34. a4 b4 35. Bb3 g6 36. Kf3 gxh5 37. gxh5 f5 38. Ke2 bxc3 39. bxc3 Ng7 40. Bf7 Ke7 41. Bg6 c4 42. Be1 Bc7 43. Ke3 Bb6+ 44. Kf3 Ke6 45. Bh4 Bc7 46. Bf2 Ke7 47. Bc5+ Bd6 48. Bb6 Ne6 49. Bxf5 Nc5 50. Bc2 Nb3 51. Ke4 Bc5 52. Bxc5+ Nxc5+ 53. Kd4 Ne6+ 54. Ke5 Nc5 55. f5 Nd7+ 56. Kd4 Nf6 57. Bd1 1-0

[Event "1st Bangalore GM-Open-A 2024"]
[Site "Bangalore"]
[Date "2024.01.23"]
[Round "7.7"]
[White "Chanda, Sandipan"]
[Black "Audi Ameya"]
[Result "1-0"]
[ECO "D97"]
[WhiteElo "2486"]
[BlackElo "2385"]
[Annotator "RC"]
[PlyCount "145"]
[EventDate "2024.01.20"]
[EventType "swiss"]
[EventCountry "IND"]
[SourceTitle "playchess.com"]
[Source "ChessBase"]
[SourceQuality "1"]
[TimeControl "5400+30"]

1. d4 Nf6 2. c4 g6 3. Nc3 d5 4. Nf3 Bg7 5. Qb3 dxc4 6. Qxc4 O-O 7. e4 Nc6 8. h3 e5 9. dxe5 Nd7 10. e6 fxe6 11. Be3 Nde5 12. Nxe5 Nxe5 13. Qb3 b6 14. Rd1 Qe7 15. Be2 c5 16. O-O Nc6 17. Nb5 Ba6 18. a4 Bxb5 19. axb5 Nd4 20. Qc4 a5 21. f4 Rad8 22. e5 Nxe2+ 23. Qxe2 Kf7 24. Qf3 Rxd1 25. Rxd1 Rd8 26. Rxd8 Qxd8 27. Qb7+ Kg8 28. Kf2 h5 29. Ke2 Bf8 30. g3 Be7 31. g4 hxg4 32. hxg4 Kf7 33. Qh1 Qe8 34. Qh7+ Kf8 35. Qh8+ Kf7 36. Qh7+ Kf8 37. Kf3 Qa8+ 38. Kf2 Qe4 39. f5 Qxg4 40. Bh6+ Ke8 41. Qg8+ Kd7 42. Qxe6+ Kd8 43. Qxb6+ Kc8 44. Qc6+ Kd8 45. Qa8+ Kc7 46. Qxa5+ Kb7 47. Qa6+ Kb8 48. Qb6+ Kc8 49. Qc6+ Kd8 50. Qd5+ Kc8 51. f6 Qh4+ 52. Ke2 Qh5+ 53. Ke1 Qxh6 54. Qc6+ Kd8 55. Qd5+ Ke8 56. fxe7 Qc1+ 57. Ke2 Qxb2+ 58. Kf3 Qc3+ 59. Kg4 Kxe7 60. Qd6+ Ke8 61. Qxg6+ Ke7 62. Qf6+ Ke8 63. Qe6+ Kd8 64. b6 Qd4+ 65. Kg5 Qe3+ 66. Kg6 Qe4+ 67. Kg7 c4 68. Qd6+ Ke8 69. Qg6+ Qxg6+ 70. Kxg6 Kd7 71. e6+ Kxe6 72. b7 c3 73. b8=Q 1-0

[Event "1st Bangalore GM-Open-A 2024"]
[Site "Bangalore"]
[Date "2024.01.23"]
[Round "7.8"]
[White "Tologon tegin, Semetei"]
[Black "Srihari L R"]
[Result "0-1"]
[ECO "A06"]
[WhiteElo "2384"]
[BlackElo "2469"]
[Annotator "RC"]
[PlyCount "94"]
[EventDate "2024.01.20"]
[EventType "swiss"]
[EventCountry "IND"]
[SourceTitle "playchess.com"]
[Source "ChessBase"]
[SourceQuality "1"]
[TimeControl "5400+30"]

1. Nf3 d5 2. e3 c5 3. b3 Nc6 4. Bb2 f6 5. d4 cxd4 6. exd4 Bg4 7. Be2 e6 8. O-O Bd6 9. Re1 Nge7 10. Nh4 Bxe2 11. Qxe2 e5 12. dxe5 fxe5 13. Nf3 e4 14. Ng5 Nf5 15. Qg4 Qd7 16. Nc3 Nfd4 17. Qd1 Be7 18. Ne2 Nxe2+ 19. Qxe2 O-O 20. Nh3 Rae8 21. Rad1 Bb4 22. c3 Bc5 23. Kh1 Ne5 24. Rf1 Ng4 25. Bc1 h5 26. Nf4 Rf5 27. h3 Nf6 28. Be3 Bd6 29. Qd2 Bxf4 30. Bxf4 Qf7 31. Be3 b6 32. Rc1 Nd7 33. c4 Nc5 34. Bxc5 bxc5 35. cxd5 e3 36. Qe2 Rxf2 37. Rxf2 exf2 38. Qf1 Qf4 39. Rd1 Qg3 40. d6 Re1 41. d7 Rxf1+ 42. Rxf1 Qd3 43. Rxf2 Qxd7 44. Rf3 Qd2 45. a4 c4 46. bxc4 Qc1+ 47. Kh2 Qxc4 0-1

[Event "1st Bangalore GM-Open-A 2024"]
[Site "Bangalore"]
[Date "2024.01.23"]
[Round "7.9"]
[White "Fedorov, Alexei"]
[Black "Neelotpal, Das"]
[Result "0-1"]
[ECO "C54"]
[WhiteElo "2457"]
[BlackElo "2329"]
[Annotator "RC"]
[PlyCount "104"]
[EventDate "2024.01.20"]
[EventType "swiss"]
[EventCountry "IND"]
[SourceTitle "playchess.com"]
[Source "ChessBase"]
[SourceQuality "1"]
[TimeControl "5400+30"]

1. e4 e5 2. Nf3 Nc6 3. Bc4 Bc5 4. c3 Nf6 5. d3 O-O 6. Bg5 d6 7. O-O h6 8. Bh4 a5 9. Nbd2 g5 10. Bg3 Bg4 11. h3 Bh5 12. a3 Kh8 13. b4 Ba7 14. Qb3 Bg6 15. Kh1 Nh5 16. Bd5 Qc8 17. Bh2 a4 18. Qd1 Ne7 19. Ba2 Ng7 20. d4 f6 21. Re1 b5 22. Rc1 Qb7 23. Qe2 Rad8 24. c4 c6 25. c5 dxc5 26. bxc5 exd4 27. Bd6 d3 28. Qf1 Bb8 29. e5 fxe5 30. Bxb8 Qxb8 31. Nxe5 Ngf5 32. Nef3 Qc7 33. Rcd1 Nd5 34. Bxd5 Rxd5 35. Ne4 Rfd8 36. Rd2 Qf4 37. Kg1 Nh4 38. Nxh4 Bxe4 39. Rxe4 Qxe4 40. Nf3 Qe7 41. Qa1+ Qg7 42. Qc1 Kg8 43. Nh2 Qe7 44. Ng4 h5 45. Ne3 Rxc5 46. Qd1 Qf7 47. g4 hxg4 48. hxg4 Qg6 49. Nf5 Rxf5 50. gxf5 Qxf5 51. Qh5 Kg7 52. Qh2 Qf4 0-1

[Event "1st Bangalore GM-Open-A 2024"]
[Site "Bangalore"]
[Date "2024.01.23"]
[Round "7.10"]
[White "Aradhya, Garg"]
[Black "Neelash Saha"]
[Result "0-1"]
[ECO "E15"]
[WhiteElo "2390"]
[BlackElo "2446"]
[Annotator "RC"]
[PlyCount "102"]
[EventDate "2024.01.20"]
[EventType "swiss"]
[EventCountry "IND"]
[SourceTitle "playchess.com"]
[Source "ChessBase"]
[SourceQuality "1"]
[TimeControl "5400+30"]

1. d4 Nf6 2. c4 e6 3. Nf3 b6 4. g3 Ba6 5. Qc2 Bb7 6. Bg2 c5 7. d5 exd5 8. cxd5 Bxd5 9. Nc3 Bc6 10. Bg5 Be7 11. e4 h6 12. Bf4 Nh5 13. Be3 d6 14. O-O-O Nd7 15. e5 Nxe5 16. Nxe5 Bxg2 17. Rhg1 Bb7 18. Bxc5 O-O 19. Ba3 Rc8 20. Rd4 b5 21. Rgd1 Qe8 22. Nd3 a5 23. Bxd6 Bxd6 24. Rxd6 Qe7 25. Nf4 Nxf4 26. gxf4 Bf3 27. Rd7 Bxd1 28. Qxd1 Qf6 29. Kb1 b4 30. Ne4 Qxf4 31. Rd4 Qxh2 32. a4 bxa3 33. bxa3 Qb8+ 34. Ka2 Qc7 35. Qd2 Rfd8 36. Nd6 Qc2+ 37. Qxc2 Rxc2+ 38. Kb3 Rxf2 39. Kc4 Rf6 40. Nb7 Rxd4+ 41. Kxd4 Rf3 42. Nxa5 Rxa3 43. Nc6 g6 44. Ne5 Kg7 45. Ke4 h5 46. Kf4 h4 47. Kg4 h3 48. Nf3 f5+ 49. Kf4 Kf6 50. Kg3 h2 51. Kxh2 Rxf3 0-1